AoeStats
← Jafarr

Arabia

510361584Analyzed
1v1 RM · 2d ago on Sep 30, 2026· 32m 58s· 2 players
Game mode
Random Map
Map size
Tiny (2 player)
Population
200
Speed
Normal
Resources
Standard
Victory
Conquest
Starting age
Dark Age
Ending age
Imperial Age
RankedLock teamsTeams togetherTeam positionsShared explorationLock speedFull tech treeHidden civsTurbo modeCheats
Victory
Defeat
🇩🇪 Danes · Germany
1252
+15
🇺🇸 Varangians · United States
1238
-15
Jafarr
6:17 Loom
8:58 Feudal Age
10:37 Double-Bit Axe
11:07 Horse Collar
23:55 Castle Age
23:03 Bloodlines
24:16 Fletching
24:26 Padded Archer Armor
24:50 Scale Barding Armor
26:06 Bow Saw
26:04 Heavy Plow
28:09 Husbandry
28:57 Forging
32:02 Iron Casting
Allowuff
6:10 Loom
8:47 Feudal Age
8:59 Man-at-Arms
9:27 Double-Bit Axe
14:12 Padded Archer Armor
22:22 Castle Age
20:16 Fletching
21:05 Scale Mail Armor
21:15 Forging
21:51 Gold Mining
23:08 Wheelbarrow
22:22 Horse Collar
23:23 Chain Mail Armor
24:17 Forging
26:10 Iron Casting
25:52 Squires
25:37 Gambesons
26:26 Arson
27:08 Bow Saw
Connection lost

Rejoining the realm…

Still unreachable

The connection could not be restored.

Session expired

The server has moved on; the page needs a fresh start.